AoeStats
← guigzz

Arena

503833963Analyzed
1v1 RM · 1mo ago on Sep 2, 2026· 72m 20s· 2 players
Game mode
Random Map
Map size
Tiny (2 player)
Population
200
Speed
Normal
Resources
Standard
Victory
Conquest
Starting age
Dark Age
Ending age
Imperial Age
RankedLock teamsTeams togetherTeam positionsShared explorationLock speedFull tech treeHidden civsTurbo modeCheats
Victory
Defeat
🇨🇦 Persians · Canada
553
+31
🇨🇱 Malians · Chile
563
-16
guigzz
10:13 Feudal Age
10:40 Horse Collar
11:32 Double-Bit Axe
12:23 Loom
16:07 Scale Barding Armor
17:45 Wheelbarrow
21:04 Castle Age
22:13 Wheelbarrow
22:08 Heavy Plow
22:43 Chain Barding Armor
26:55 Gold Mining
26:57 Stone Mining
28:59 Forging
31:54 Imperial Age
29:59 Husbandry
30:51 Iron Casting
31:09 Bloodlines
31:38 Squires
31:03 Pikeman
33:09 Crossbowman
33:49 Fletching
34:25 Ballistics
34:02 Murder Holes
35:51 Town Watch
36:25 Hand Cart
39:46 Imperial Age
38:01 Gold Shaft Mining
39:04 Town Patrol
40:36 Crop Rotation
40:01 Cavalier
42:35 Savar
42:36 Light Cavalry
45:44 Stone Shaft Mining
46:28 Chemistry
46:21 Citadels
49:32 Plate Barding Armor
49:58 Blast Furnace
48:57 Bodkin Arrow
50:13 Capped Ram
52:07 Conscription
61:19 Hussar
cK4NonSmurf
0:44 Loom
14:08 Feudal Age
14:43 Double-Bit Axe
14:47 Horse Collar
16:14 Wheelbarrow
15:24 Town Watch
16:07 Gold Mining
16:08 Stone Mining
22:41 Castle Age
22:26 Scale Mail Armor
22:37 Forging
22:55 Arson
23:06 Fletching
23:16 Padded Archer Armor
23:39 Chain Mail Armor
23:41 Hand Cart
23:35 Heavy Plow
24:22 Bow Saw
25:09 Squires
26:03 Town Patrol
28:54 Fortified Wall
28:55 Masonry
28:42 Murder Holes
29:34 Iron Casting
29:53 Stone Shaft Mining
30:01 Gold Shaft Mining
32:04 Ballistics
31:45 Treadmill Crane
36:01 Imperial Age
36:00 Leather Archer Armor
35:40 Bodkin Arrow
37:47 Chemistry
37:18 Architecture
37:12 Conscription
37:13 Guilds
38:28 Crop Rotation
40:30 Plate Mail Armor
40:30 Ring Archer Armor
40:38 Hoardings
39:36 Elite Gbeto
40:21 Tigui
40:11 Onager
42:23 Siege Onager
55:52 Pikeman
57:41 Thumb Ring
68:14 Capped Ram
Connection lost

Rejoining the realm…

Still unreachable

The connection could not be restored.

Session expired

The server has moved on; the page needs a fresh start.